 Dungeon Crawl Stone Soup version 0.27.1-33-g824d729ab1 (webtiles) character file.

Game seed: 12017869227802377520

7309 jlumianski the Nimble (level 11, -1/85 (89) HPs)
             Began as a Gnoll Monk on Dec 25, 2021.
             Was a Believer of Dithmenos.
             Slain by a death yak (3 damage)
             ... on level 9 of the Dungeon on Dec 26, 2021.
             The game lasted 01:25:29 (14097 turns).

jlumianski the Nimble (Gnoll Monk)                 Turns: 14097, Time: 01:25:30

HP:   -1/85 (89)    AC: 11    Str: 18    XL:     11   Next: 13%
MP:   20/20         EV: 18    Int: 16    God:    Dithmenos [**....]
Gold: 335           SH:  0    Dex: 21    Spells: 11/22 levels left

rFire    . . .     SeeInvis .   H - +9 dagger of Tenacity {vorpal, Str+5}
rCold    . . .     Faith    .   (no shield)
rNeg     . . .     Spirit   .   B - +1 leather armour {rPois}
rPois    +         Reflect  .   k - +0 helmet
rElec    .         Harm     .   q - +0 cloak
rCorr    .         Rampage  .   x - +2 pair of gloves {Stlth+}
Will     .....                  w - +0 pair of boots
Stlth    ++++++....             F - amulet of the acrobat
HPRegen  0.24/turn              E - +6 ring of dexterity
MPRegen  0.17/turn              S - +6 ring of intelligence

@: about to teleport, slowed, wreathed by umbra, lightly drained, very slow
A: fangs 1, strong nose, distributed training
a: Renounce Religion, Shadow Step


You were on level 9 of the Dungeon.
You worshipped Dithmenos.
Dithmenos was pleased with you.
You visited 3 branches of the dungeon, and saw 12 of its levels.

You collected 545 gold pieces.
You spent 210 gold pieces at shops.

Inventory:

Hand Weapons
 a - a +0 hand axe
 d - a +2 dagger of speed
 l - a +0 hand crossbow
 p - a +2 quarterstaff of chaos
 y - a +0 whip of flaming
 C - a +1 dagger of venom
 G - a +0 war axe
 H - the +9 dagger of Tenacity (weapon) {vorpal, Str+5}
   (You found it on level 7 of the Dungeon)

   It inflicts extra damage upon your enemies.
   Str:       It affects your strength (+5).
 K - a +1 bardiche of flaming
 M - a +1 hand axe of freezing
 N - the +1 quarterstaff of Pestilence {antimagic, rElec}
   (You found it on level 8 of the Dungeon)

   It reduces the magical energy of the wielder, and disrupts the spells and
   magical abilities of those it strikes.
   Natural abilities and divine invocations are not affected.
   rElec:     It insulates you from electricity.
 O - a +2 short sword of freezing
Missiles
 c - 75 bolts
 e - 103 stones
 j - 53 poisoned darts (quivered)
 t - 14 boomerangs
 A - 5 atropa-tipped darts
 R - 4 silver javelins
Armour
 b - a +0 robe
 k - a +0 helmet (worn)
 n - a +0 ring mail
 q - a +0 cloak (worn)
 u - a +0 chain mail
 w - a +0 pair of boots (worn)
 x - a +2 pair of gloves of stealth (worn)
 B - a +1 leather armour of poison resistance (worn)
 J - +0 steam dragon scales
 P - a +1 hat
Magical Staves
 L - a staff of air
Jewellery
 g - an amulet of magic regeneration
 E - a +6 ring of dexterity (left hand)
 F - an amulet of the acrobat (around neck)
 Q - a ring of magical power
 S - a +6 ring of intelligence (right hand)
Wands
 U - a wand of paralysis (10)
Scrolls
 h - a scroll of teleportation
 i - 4 scrolls of fog
 s - a scroll of fear
 D - 2 scrolls of identify
 I - 2 scrolls of blinking
Potions
 f - a potion of heal wounds
 m - 2 potions of magic
 o - 3 potions of degeneration
 r - a potion of ambrosia
 v - 2 potions of lignification
 z - 2 potions of curing
 T - a potion of might


   Skills:
 + Level 9.0 Fighting
 + Level 6.0 Short Blades
 + Level 6.0 Long Blades
 + Level 9.0 Axes
 + Level 6.0 Maces & Flails
 + Level 6.0 Polearms
 + Level 6.0 Staves
 + Level 6.0 Slings
 + Level 6.0 Bows
 + Level 6.0 Crossbows
 + Level 6.0 Throwing
 + Level 6.0 Armour
 + Level 9.0 Dodging
 + Level 7.4 Stealth
 + Level 6.0 Shields
 + Level 6.0 Unarmed Combat
 + Level 6.0 Spellcasting
 + Level 4.9 Conjurations
 + Level 4.9 Hexes
 + Level 4.9 Summonings
 + Level 4.9 Necromancy
 + Level 4.9 Translocations
 + Level 4.9 Transmutations
 + Level 4.9 Fire Magic
 + Level 4.9 Ice Magic
 + Level 4.9 Air Magic
 + Level 4.9 Earth Magic
 + Level 4.9 Poison Magic
 + Level 6.5 Invocations
 + Level 6.0 Evocations


You had 11 spell levels left.
You knew the following spells:

 Your Spells              Type           Power      Damage    Failure   Level
a - Blink                 Tloc           N/A        N/A       3%          2
b - Foxfire               Conj/Fire      80%        2x1d8     1%          1
c - Passwall              Tmut/Erth      16%        N/A       3%          2
d - Ozocubu's Armour      Ice            20%        N/A       6%          3
e - Swiftness             Air            20%        N/A       6%          3

Your spell library contained the following spells:

 Spells                   Type           Power      Damage    Failure   Level
 Conjure Flame            Conj/Fire      20%        6-21      6%          3
 Inner Flame              Hex/Fire       20%        N/A       6%          3
 Lesser Beckoning         Tloc           10%        N/A       6%          3
 Manifold Assault         Tloc           20%        N/A       50%         5
 Invisibility             Hex            10%        N/A       97%         6
 Ozocubu's Refrigeration  Ice            10%        4d7       100%        7


Dungeon Overview and Level Annotations

Branches:
Dungeon (10/15)            Temple (1/1) D:7            Lair (0/6) D:9
    Orc (1/2) D:9

Altars:
Ashenzari
Cheibriados
Dithmenos
Elyvilon
Gozag
Hepliaklqana
Okawaru
Qazlal
Ru
Sif Muna
Uskayaw
Vehumet
Wu Jian
Yredelemnul
Zin
The Shining One

Shops:
D:4 *:   D:6 [

Annotations:
D:4 Sigmund
D:5 Blork the orc
D:10 Josephine


Innate Abilities, Weirdness & Mutations

You have very sharp teeth.
Your uncanny sense of smell can sniff out nearby items.
Your experience applies equally to all skills.


Message History

The ghostly flame explodes!
The ghostly fireball engulfs the wraith.
The wraith completely resists.
The ghostly fireball engulfs you.
You feel drained.
The ghostly fireball engulfs Josephine.
Josephine completely resists.
The ghostly fireball engulfs the wraith.
The wraith completely resists.
The wraith hits you but does no damage. The wraith hits you!
The wraith drains your vigour!
You feel as though you will be slow longer.
Josephine casts a spell at you.
The ghostly flame explodes!
The ghostly fireball engulfs the wraith.
The wraith completely resists.
The ghostly fireball engulfs you!!
You feel drained.
The ghostly fireball engulfs Josephine.
Josephine completely resists.
The ghostly fireball engulfs the wraith.
The wraith completely resists.
The wraith barely misses you.
You climb upwards.
The death yak gores you! x2
* * * LOW HITPOINT WARNING * * *
There is a stone staircase leading down here.
As you read the scroll of fear, it crumbles to dust.
You assume a fearsome visage.
The wraith is unaffected. x2
The death yak resists with almost no effort.
The death yak completely misses you. The wraith hits you.
* * * LOW HITPOINT WARNING * * *
The death yak completely misses you.
You feel much better. The wraith completely misses you.
The death yak misses you. The wraith barely misses you.
You puncture the wraith!
You destroy the wraith!
Dithmenos accepts your kill. The death yak gores you!!
* * * LOW HITPOINT WARNING * * *
Okay, then.
Unknown command.
As you read the scroll of teleportation, it crumbles to dust.
You feel strangely unstable. The death yak gores you!!
* * * LOW HITPOINT WARNING * * *
The wraith closely misses you. The death yak gores you.
You die...

...............#.#
#.#########.##.#.#
..#####.....##.#.#
.........#..##.#.#
..#####......#.#.#
...........#.#.#.#
........#..#.#.#.#
........######.#Y#
...............W@#
...............#######
.....................#
.##............#####.#
............#### #.#
..........#.# #####.#
..........#.# #.....#
..........#.# #.#####
..........#.# #.#


You could see a death yak and a wraith.

Vanquished Creatures
  A death yak (D:8)
  Pikel (D:4)
  A hornet (D:9)
  Prince Ribbit (D:5)
  Grinder (D:3)
  2 wraiths (D:9)
  2 wyverns
  8 yaks
  A steam dragon (D:7)
  2 wargs (D:9)
  An acid dragon (D:8)
  A water moccasin (D:7)
  5 orc warriors
  A sky beast (D:8)
  A necrophage (D:5)
  2 ogres
  5 centaurs
  2 phantoms (D:4)
  2 kobold brigands
  4 bullfrogs
  A scorpion (D:6)
  A water moccasin skeleton (D:5)
  4 killer bees
  12 wights
  A crimson imp (D:5)
  Crazy Yiuf (D:2)
  7 hounds
  2 orc priests
  A centaur skeleton (D:6)
  2 iguanas
  5 orc wizards
  2 hound skeletons (D:4)
  Robin (D:1)
  A howler monkey skeleton (D:6)
  2 gnolls
  4 adders
  2 river rats (D:9)
  2 shadow imps (D:6)
  4 white imps
  An ufetubus (D:4)
  2 adder skeletons
  2 worms
  3 dart slugs
  17 orcs
  11 ball pythons
  3 bats
  4 endoplasms
  5 giant cockroaches
  11 goblins
  8 hobgoblins
  A jackal (D:5)
  8 kobolds
  6 quokkas
  5 frilled lizards
  A goblin zombie (D:4)
  8 rats
  A rat zombie (D:4)
196 creatures vanquished.

Vanquished Creatures (others)
  172 foxfires
172 creatures vanquished.

Grand Total: 368 creatures vanquished

Notes
Turn   | Place    | Note
-------+----------+-------------------------------------------
     0 | D:1      | jlumianski the Gnoll Monk began the quest for the Orb.
     0 | D:1      | Reached XP level 1. HP: 23/23 MP: 1/1
   243 | D:1      | Reached XP level 2. HP: 27/29 MP: 2/2
   482 | D:1      | Reached XP level 3. HP: 35/35 MP: 3/3
   811 | D:2      | Noticed Robin
   822 | D:1      | Reached skill level 1 in Invocations
   895 | D:2      | You fall into a shaft and drop 1 floor!
  1123 | D:3      | Found a faded altar of an unknown god.
  1141 | D:3      | Noticed a bullfrog
  1159 | D:3      | Killed a bullfrog
  1160 | D:3      | Reached skill level 1 in Short Blades
  1160 | D:3      | Reached skill level 1 in Long Blades
  1160 | D:3      | Reached skill level 1 in Maces & Flails
  1160 | D:3      | Reached skill level 1 in Polearms
  1160 | D:3      | Reached skill level 1 in Staves
  1160 | D:3      | Reached skill level 1 in Slings
  1160 | D:3      | Reached skill level 1 in Bows
  1160 | D:3      | Reached skill level 1 in Crossbows
  1160 | D:3      | Reached skill level 1 in Throwing
  1160 | D:3      | Reached skill level 1 in Armour
  1160 | D:3      | Reached skill level 1 in Shields
  1160 | D:3      | Reached skill level 1 in Unarmed Combat
  1160 | D:3      | Reached skill level 1 in Spellcasting
  1160 | D:3      | Reached skill level 1 in Conjurations
  1160 | D:3      | Reached skill level 1 in Hexes
  1160 | D:3      | Reached skill level 1 in Summonings
  1160 | D:3      | Reached skill level 1 in Necromancy
  1160 | D:3      | Reached skill level 1 in Translocations
  1160 | D:3      | Reached skill level 1 in Transmutations
  1160 | D:3      | Reached skill level 1 in Fire Magic
  1160 | D:3      | Reached skill level 1 in Ice Magic
  1160 | D:3      | Reached skill level 1 in Air Magic
  1160 | D:3      | Reached skill level 1 in Earth Magic
  1160 | D:3      | Reached skill level 1 in Poison Magic
  1160 | D:3      | Reached skill level 1 in Evocations
  1160 | D:3      | Reached XP level 4. HP: 17/41 MP: 5/5
  1485 | D:1      | Killed Robin
  1486 | D:1      | Reached XP level 5. HP: 27/47 MP: 5/7
  2046 | D:2      | Found a runed translucent door.
  2047 | D:2      | Noticed Crazy Yiuf
  2066 | D:2      | Killed Crazy Yiuf
  2375 | D:3      | Noticed Grinder
  2571 | D:3      | Learned a level 2 spell: Blink
  2715 | D:3      | Killed Grinder
  2716 | D:3      | Reached XP level 6. HP: 27/53 MP: 7/9
  3117 | D:3      | Reached XP level 7. HP: 27/59 MP: 10/10
  3455 | D:4      | Noticed Sigmund
  3540 | D:4      | Reached skill level 5 in Stealth
  4461 | D:4      | Found Zepluat's Book Shoppe.
  4462 | D:4      | Found Axzogis's Assorted Antiques.
  4485 | D:4      | Bought a pair of runed gloves for 210 gold pieces
  4622 | D:4      | Reached XP level 8. HP: 48/67 MP: 12/12
  5667 | D:5      | Entered Level 5 of the Dungeon
  5964 | D:5      | Noticed Pikel
  6305 | D:4      | Learned a level 1 spell: Foxfire
  6346 | D:4      | Killed Pikel
  6621 | D:5      | Found a hide-covered altar of Uskayaw.
  6624 | D:5      | Found a sacrificial altar of Ru.
  6630 | D:5      | Found a broken altar of Ashenzari.
  6630 | D:5      | Found a snail-covered altar of Cheibriados.
  7229 | D:5      | Noticed Blork the orc
  7382 | D:5      | Noticed Prince Ribbit
  7406 | D:6      | Reached XP level 9. HP: 64/73 MP: 11/14
  7440 | D:6      | Found Ficio's Antique Armour Emporium.
  8105 | D:5      | Learned a level 2 spell: Passwall
  8394 | D:5      | Killed Prince Ribbit
  8906 | D:7      | Identified the +9 dagger of Tenacity {vorpal, Str+5}
  8918 | D:7      | Found a staircase to the Ecumenical Temple.
  8924 | Temple   | Entered the Ecumenical Temple
  8961 | Temple   | Became a worshipper of Dithmenos the Shadowed
  8961 | Temple   | Reached * piety under Dithmenos
  8961 | Temple   | Reached ** piety under Dithmenos
  9321 | D:7      | Reached skill level 5 in Invocations
  9875 | D:8      | Found an ornate altar of the Wu Jian Council.
  9901 | D:8      | Learned a level 3 spell: Ozocubu's Armour
  9927 | D:8      | Identified the +1 quarterstaff of Pestilence {antimagic,
                  | rElec}
  9936 | D:8      | Reached XP level 10. HP: 58/80 MP: 13/17
 10284 | D:7      | Reached skill level 5 in Short Blades
 10284 | D:7      | Reached skill level 5 in Long Blades
 10284 | D:7      | Reached skill level 5 in Maces & Flails
 10284 | D:7      | Reached skill level 5 in Polearms
 10284 | D:7      | Reached skill level 5 in Staves
 10284 | D:7      | Reached skill level 5 in Slings
 10284 | D:7      | Reached skill level 5 in Bows
 10284 | D:7      | Reached skill level 5 in Crossbows
 10284 | D:7      | Reached skill level 5 in Throwing
 10284 | D:7      | Reached skill level 5 in Armour
 10284 | D:7      | Reached skill level 5 in Shields
 10284 | D:7      | Reached skill level 5 in Unarmed Combat
 10284 | D:7      | Reached skill level 5 in Spellcasting
 10284 | D:7      | Reached skill level 5 in Evocations
 11202 | D:9      | Found a hazy altar of Hepliaklqana.
 11203 | D:9      | Found an iron altar of Okawaru.
 11308 | D:9      | Learned a level 3 spell: Swiftness
 11380 | D:10     | Entered Level 10 of the Dungeon
 11421 | D:8      | Identified a scroll of acquirement
 11421 | D:8      | Acquired a +1 bardiche of flaming
 11781 | D:9      | Found a staircase to the Orcish Mines.
 12310 | D:9      | Noticed a death yak
 12316 | D:9      | Found a staircase to the Lair.
 12440 | D:9      | Noticed a death yak
 12456 | Orc:1    | Entered Level 1 of the Orcish Mines
 12515 | D:9      | Noticed a death yak
 12573 | D:8      | Killed a death yak
 12574 | D:8      | Reached XP level 11. HP: 45/87 MP: 19/19
 14013 | D:10     | Found a stormy altar of Qazlal.
 14030 | D:10     | Noticed Josephine
 14097 | D:9      | HP: 2/85 [death yak (22)]
 14097 | D:9      | Slain by a death yak

Illustrated notes

Levels and vault maps discovered:
D:1:      roderic_crop_circles_arrival_small, layout_basic,
          chequers_decorated_corner, minmay_misc_feat_iff,
          hangedman_abyss_or_decor_stabs
D:2:      layout_rooms, minmay_cupped, uniq_robin, uniq_crazy_yiuf_cottage
D:3:      layout_loops_ring, ebering_ecumenical_altar_mist, uniq_grinder
D:4:      layout_layer_cave, enter_ossuary_4, gup_sewer_entry_spiral,
          grunt_ministairs_7, nicolae_wooded_promenade, uniq_sigmund
D:5:      minmay_octagon_keep, layout_cave_pools, grunt_temple_overflow_open,
          serial_column_ruins, column_ruins_open_small,
          column_ruins_corridor_water, column_ruins_open_large,
          column_ruins_columns_dead_end, column_ruins_columns_corner,
          column_ruins_columns_corner, column_ruins_grid_3,
          minmay_fire_ice_demons, uniq_prince_ribbit1, uniq_blork_the_orc,
          uniq_pikel
D:6:      layout_basic, serial_shops, nicolae_square_shop
D:7:      layout_basic, minmay_temple_entry_glassed_door, grunt_ministairs_8,
          hangedman_glass_teeth
D:8:      layout_loops_ring, lemuel_crystal_altar
D:9:      layout_basic, mainiacjoe_overflow_divided_tiny, dpeg_lair_monsters,
          david_orc_1_choice, st_stairs_1
D:10:     layout_basic, mainiacjoe_overflow_paths, lemuel_doored_altar,
          nicolae_trove_entry_free_sample, uniq_josephine, uniq_erica
Temple:   oiseaux_autumnal_temple
Orc:1:    layout_diamond_mine, basic_altar, guppyfry_library_mini

Skill      XL: |  1  2  3  4  5  6  7  8  9 10 11 |
---------------+----------------------------------+-----
Invocations    | 1 2 3 4 5 6 |  6.5
Short Blades   | 1 2 3 4 5 6 |  6.0
Long Blades    | 1 2 3 4 5 6 |  6.0
Maces & Flails | 1 2 3 4 5 6 |  6.0
Polearms       | 1 2 3 4 5 6 |  6.0
Staves         | 1 2 3 4 5 6 |  6.0
Slings         | 1 2 3 4 5 6 |  6.0
Bows           | 1 2 3 4 5 6 |  6.0
Crossbows      | 1 2 3 4 5 6 |  6.0
Throwing       | 1 2 3 4 5 6 |  6.0
Armour         | 1 2 3 4 5 6 |  6.0
Shields        | 1 2 3 4 5 6 |  6.0
Unarmed Combat | 1 2 3 4 5 6 |  6.0
Spellcasting   | 1 2 3 4 5 6 |  6.0
Conjurations   | 1 2 3 4 |  4.9
Hexes          | 1 2 3 4 |  4.9
Summonings     | 1 2 3 4 |  4.9
Necromancy     | 1 2 3 4 |  4.9
Translocations | 1 2 3 4 |  4.9
Transmutations | 1 2 3 4 |  4.9
Fire Magic     | 1 2 3 4 |  4.9
Ice Magic      | 1 2 3 4 |  4.9
Air Magic      | 1 2 3 4 |  4.9
Earth Magic    | 1 2 3 4 |  4.9
Poison Magic   | 1 2 3 4 |  4.9
Evocations     | 1 2 3 4 5 6 |  6.0
Fighting       | 7 8 9 |  9.0
Axes           | 7 8 9 |  9.0
Dodging        | 7 8 9 |  9.0
Stealth        | 5 6 7 |  7.4

Action                   |  1- 3 |  4- 6 |  7- 9 | 10-12 || total
-------------------------+-------+-------+-------+-------++-------
Melee: Hand axe          |    16 |       |       |       ||    16
       Dagger            |   105 |   165 |   527 |   222 ||  1019
       Bite              |    11 |    18 |    50 |    31 ||   110
       Punch             |       |     1 |    11 |     8 ||    20
       Quarterstaff      |       |       |    22 |       ||    22
Throw: Stone             |     5 |     4 |       |       ||     9
       Boomerang         |       |       |    11 |     3 ||    14
       Dart              |       |       |     8 |     3 ||    11
 Cast: Foxfire           |       |       |    53 |    49 ||   102
       Blink             |       |       |     2 |     6 ||     8
       Passwall          |       |       |     1 |    10 ||    11
       Ozocubu's Armour  |       |       |       |     5 ||     5
       Swiftness         |       |       |       |     3 ||     3
Invok: Shadow Step       |       |       |     2 |     2 ||     4
Evoke: Wand              |       |     8 |       |       ||     8
  Use: Scroll            |       |     7 |     7 |     5 ||    19
       Potion            |       |       |     1 |     1 ||     2
 Stab: Sleeping          |     4 |     2 |    17 |    13 ||    36
       Distracted        |       |       |     2 |       ||     2
Armor: Robe              |    14 |     7 |       |       ||    21
       Ring mail         |       |     7 |   112 |       ||   119
       Leather armour    |       |       |    36 |    41 ||    77
Dodge: Dodged            |    69 |    98 |   267 |   242 ||   676
